 Dungeon Crawl Stone Soup version 0.28-a0-465-ge2dae52223 (webtiles) character file.

Game seed: 11414469636333359090

4340 gdrax the Cleaver (level 10, -9/129 HPs)
             Began as a Minotaur Berserker on Sept 14, 2021.
             Was an Elder of Trog.
             Mangled by a hornet (16 damage)
             ... on level 9 of the Dungeon.
             The game lasted 00:40:54 (10337 turns).

gdrax the Cleaver (Minotaur Berserker)             Turns: 10337, Time: 00:40:55

Health: -9/129     AC: 16    Str: 26    XL:     10   Next: 12%
Magic:  18/18      EV:  8    Int:  4    God:    Trog [****..]
Gold:   561        SH:  3    Dex:  9    Spells: 9/9 levels left

rFire   . . .      SeeInvis .   q - +1 broad axe
rCold   . . .      Faith    +   d - +0 buckler
rNeg    + . .      Spirit   .   w - +0 plate armour
rPois   .          Reflect  .   (helmet restricted)
rElec   .          Harm     .   (no cloak)
rCorr   .          Rampage  .   B - +0 pair of gloves
Will    .....                   F - +0 pair of boots
Stlth   ..........              o - amulet of faith
HPRegen 0.31/turn               g - ring of positive energy
MPRegen 0.16/turn               v - ring of magical power

@: berserking, lethally poisoned (-9 -> -15), slowed
A: horns 2, retaliatory headbutt
a: Renounce Religion, Berserk, Trog's Hand, Brothers in Arms


You were on level 9 of the Dungeon.
You worshipped Trog.
Trog was greatly pleased with you.
You visited 2 branches of the dungeon, and saw 10 of its levels.

You collected 561 gold pieces.

Inventory:

Hand Weapons
 q - a +1 broad axe (weapon)
 r - a +0 spear
 s - a +2 mace
 G - a +0 great sword
Missiles
 b - 3 boomerangs
 f - 47 stones
 p - a throwing net
 y - a datura-tipped dart (quivered)
 A - 8 javelins
Armour
 d - a +0 buckler (worn)
 l - a +0 chain mail
 u - a +1 pair of gloves
 w - a +0 plate armour (worn)
 B - a +0 pair of gloves (worn)
 F - a +0 pair of boots (worn)
Jewellery
 a - a +6 ring of dexterity
 g - a ring of positive energy (left hand)
 o - an amulet of faith (around neck)
 v - a ring of magical power (right hand)
 z - an amulet of regeneration
 C - a ring of fire
 I - a ring of flight
Scrolls
 e - 2 scrolls of summoning
 i - a scroll of teleportation
 j - a scroll of silence {unknown}
 k - a scroll of holy word
 n - 6 scrolls of identify
 t - a scroll of vulnerability
 D - a scroll of noise {unknown}
Potions
 c - a potion of resistance
 h - a potion of heal wounds
 m - 2 potions of haste
 x - 4 potions of degeneration
 E - a potion of brilliance
 H - 2 potions of curing


   Skills:
 + Level 7.0 Fighting
 * Level 13.2 Axes
 + Level 3.6 Throwing
 + Level 7.9 Armour
 + Level 3.6 Dodging
 + Level 1.0 Stealth
 + Level 1.7 Shields


You had 9 spell levels left.
You didn't know any spells.
Your spell library was empty.

Dungeon Overview and Level Annotations

Branches:
Dungeon (9/15)             Temple (0/1) D:7            Lair (1/6) D:9
    Orc: D:9-12

Altars:
Fedhas
Okawaru
Uskayaw


Innate Abilities, Weirdness & Mutations

You have a pair of horns on your head.
You reflexively headbutt those who attack you in melee.


Message History

Okay, then.
The hornet buzzes angrily.
The hornet stings you!
You are poisoned.
You feel yourself slow down.
You completely miss the hornet.
You feel very sick. You block the hornet's attack. The hornet stings you!
You are more poisoned.
You feel as though you will be slow longer.
The hornet barely misses you.
A red film seems to cover your vision as you go berserk!
You feel yourself moving faster!
You feel mighty!
You feel very sick. The hornet stings you!
You feel as though you will be slow longer.
The hornet stings you!!
You feel as though you will be slow longer.
You block the hornet's attack.
You slice the hornet!!
The hornet is heavily wounded.
You feel very sick. The hornet stings you!
* * * LOW HITPOINT WARNING * * *
You feel as though you will be slow longer.
The hornet stings you!!
* * * LOW HITPOINT WARNING * * *
You feel as though you will be slow longer.
The hornet closely misses you.
You barely miss the hornet.
The hornet is heavily wounded.
You feel sick.
The hornet stings you but does no damage. x2
You slash the hornet!
The hornet is almost dead.
You feel sick. The hornet stings you.
* * * LOW HITPOINT WARNING * * *
You feel as though you will be slow longer.
The hornet stings you!
You die...

### ............#
..# ............#
..# .(......>..# ..#
........!.# ..#
#........# ..#
#........#
..#########........#
..#............y@..#
..#................#
..#.......##########
..#.......#........#
..#.......#........#
..........#........#
..........#........#
..........#........#
..........#........#


You could see a neutral hornet (fast, strong, insane).

Vanquished Creatures
  An elephant (D:9)
  Grinder (D:3)
  A wraith (D:8)
  2 basilisks (D:9)
  A wyvern (D:9)
  7 yaks
  A water moccasin (D:5)
  A sky beast (D:4)
  An ice beast (D:7)
  A necrophage (D:8)
  An orc warrior (D:9)
  2 black bears
  2 centaurs
  3 phantoms
  Blork the orc (D:5)
  2 bullfrogs (D:7)
  A scorpion (D:5)
  A water moccasin skeleton (D:5)
  4 wights (D:7)
  An electric eel (D:6)
  A bullfrog zombie (D:6)
  A centaur zombie (D:7)
  3 hounds
  2 jellies
  A gnoll shaman (D:7)
  6 iguanas
  3 orc wizards
  Terence (D:2)
  A killer bee zombie (D:7)
  A hound skeleton (D:5)
  4 gnolls (D:7)
  4 adders
  A shadow imp (D:8)
  A white imp (D:7)
  2 ufetubi (D:5)
  3 worms (D:2)
  2 dart slugs
  11 orcs
  10 bats
  8 endoplasms
  5 giant cockroaches
  8 goblins
  8 hobgoblins
  4 jackals (D:3)
  5 kobolds
  A quokka (D:2)
  5 ball pythons
  6 frilled lizards
  6 rats
149 creatures vanquished.

Vanquished Creatures (collateral kills)
  An orc wizard (D:5)
  An adder (D:5)
  5 orcs
7 creatures vanquished.

Vanquished Creatures (others)
  A fungus (D:9)
  7 plants
8 creatures vanquished.

Grand Total: 164 creatures vanquished

Notes
Turn   | Place    | Note
-------+----------+-------------------------------------------
     0 | D:1      | gdrax the Minotaur Berserker began the quest for the Orb.
     0 | D:1      | Reached XP level 1. HP: 19/19 MP: 0/0
   485 | D:1      | Reached skill level 4 in Axes
   485 | D:1      | Reached XP level 2. HP: 26/27 MP: 1/1
  1033 | D:1      | Reached ** piety under Trog
  1274 | D:1      | Reached XP level 3. HP: 33/33 MP: 2/2
  1740 | D:2      | Reached skill level 5 in Axes
  1950 | D:2      | Noticed Terence
  1968 | D:2      | Killed Terence
  1969 | D:2      | Reached XP level 4. HP: 16/41 MP: 3/3
  2231 | D:2      | Found a faded altar of an unknown god.
  2821 | D:3      | Noticed Grinder
  2824 | D:3      | Paralysed by Grinder for 7 turns
  2847 | D:3      | Paralysed by Grinder for 4 turns
  2851 | D:3      | Killed Grinder
  2852 | D:3      | Reached skill level 7 in Axes
  2852 | D:3      | Reached XP level 5. HP: 18/47 MP: 4/4
  2852 | D:3      | Reached XP level 6. HP: 21/53 MP: 5/5
  3335 | D:3      | Reached *** piety under Trog
  3681 | D:4      | Reached skill level 1 in Throwing
  3919 | D:4      | Found a hide-covered altar of Uskayaw.
  4000 | D:4      | Noticed a sky beast
  4014 | D:4      | Killed a sky beast
  4015 | D:4      | Reached skill level 8 in Axes
  4015 | D:4      | Reached XP level 7. HP: 45/60 MP: 6/6
  4358 | D:4      | Found an iron altar of Okawaru.
  4466 | D:5      | Entered Level 5 of the Dungeon
  4721 | D:5      | Reached skill level 5 in Fighting
  5120 | D:5      | Reached skill level 9 in Axes
  5178 | D:5      | Reached XP level 8. HP: 68/68 MP: 7/7
  5726 | D:5      | Noticed Blork the orc
  6471 | D:5      | Killed Blork the orc
  7240 | D:7      | Reached skill level 10 in Axes
  7264 | D:7      | Reached **** piety under Trog
  7287 | D:7      | Reached skill level 5 in Armour
  7522 | D:7      | Found a staircase to the Ecumenical Temple.
  7731 | D:7      | Reached skill level 11 in Axes
  7822 | D:7      | Reached XP level 9. HP: 74/75 MP: 8/8
  8369 | D:8      | Found a blossoming altar of Fedhas.
  8656 | D:8      | Reached skill level 1 in Shields
  8720 | D:8      | Reached skill level 12 in Axes
  8957 | D:8      | Reached skill level 1 in Stealth
  9667 | D:9      | Found a staircase to the Lair.
  9667 | D:9      | Noticed an elephant
  9685 | D:9      | Killed an elephant
  9686 | D:9      | Reached skill level 13 in Axes
  9686 | D:9      | Reached XP level 10. HP: 86/86 MP: 9/9
  9821 | Lair:1   | Entered Level 1 of the Lair of Beasts
 10337 | D:9      | Mangled by a hornet

Illustrated notes

Levels and vault maps discovered:
D:1:      dpeg_arrival_tiny_b, layout_loops_corners
D:2:      layout_loops_cross, hellmonk_ecumenical_altar_zigzags,
          minmay_heptomino_h4, uniq_terence
D:3:      layout_basic, chequers_serial_rivers_micro_e, uniq_grinder
D:4:      layout_basic, nicolae_uskayaw_murder_on_the_dancefloor,
          mainiacjoe_overflow_small_starburst
D:5:      layout_cave_pools, uniq_blork_the_orc
D:6:      layout_rooms, nrook_pool_corridor, nrook_mini_vaults
D:7:      layout_basic, minmay_temple_entry_sparse_star
D:8:      layout_basic, fedhas_altar_1
D:9:      minmay_cornered_nines, layout_grid_maze,
          mainiacjoe_overflow_cross_hatched, david_lair_generic, uniq_maurice
Lair:1:   layout_small_grid, uniq_fannar

Skill      XL: |  1  2  3  4  5  6  7  8  9 |
---------------+----------------------------+-----
Axes           | 4 5 7 8 9 11 13 | 13.2
Fighting       | 4 5 7 |  7.0
Armour         | 3 4 5 7 |  7.9
Throwing       | 1 2 3 |  3.6
Dodging        | 3 |  3.6
Shields        | 1 |  1.7
Stealth        | 1 |  1.0

Action                   |  1- 3 |  4- 6 |  7- 9 | 10-12 || total
-------------------------+-------+-------+-------+-------++-------
Melee: Hand axe          |    78 |       |       |       ||    78
       Headbutt          |    20 |     8 |    37 |    11 ||    76
       War axe           |    23 |     8 |       |       ||    31
       Broad axe         |       |    65 |   238 |    32 ||   335
Throw: Stone             |       |    74 |    12 |       ||    86
       Throwing net      |       |     1 |       |       ||     1
       Dart              |       |       |    25 |     3 ||    28
Invok: Berserk           |       |       |     6 |     1 ||     7
  Use: Scroll            |       |       |     9 |     5 ||    14
 Stab: Distracted        |       |       |     1 |       ||     1
Armor: Animal skin       |    24 |       |       |       ||    24
       Ring mail         |     3 |       |       |       ||     3
       Chain mail        |       |    37 |    85 |       ||   122
       Plate armour      |       |       |    41 |     9 ||    50
Dodge: Dodged            |    60 |    27 |    85 |     9 ||   181
Block: Buckler           |    11 |     7 |    25 |     5 ||    48

Table legend: (Time is in decaauts)
 A = Elapsed time spent in this place.
 B = Non-inter-level travel time spent in this place.
 C = Inter-level travel time spent in this place.
 D = Time resting spent in this place.
 E = Time spent auto-exploring this place.
 F = Levels seen in this place.
 G = Mean time per level.
                   A        B        C        D        E       F      G
               +--------+--------+--------+--------+--------+-----+--------+
         Total |  10497 |  10108 |    389 |   2874 |   4405 |  10 | 1049.7 |
       Dungeon |  10492 |  10103 |    389 |   2874 |   4405 |   9 | 1165.8 |
          Lair |      5 |      5 |      0 |      0 |      0 |   1 |    5.0 |
               +--------+--------+--------+--------+--------+-----+--------+

Top non-repeatable levels by time:
     D:5: 1600 daAuts
     D:7: 1457 daAuts
     D:2: 1386 daAuts
     D:1: 1281 daAuts
     D:6: 1190 daAuts
     D:8: 1049 daAuts
     D:4: 980 daAuts
     D:3: 873 daAuts
     D:9: 672 daAuts
  Lair:1: 5 daAuts
